[Event "Titled Tuesday Blitz January 31 Early 2023"]
[White "Kirillov, Dmitry"]
[Black "Tristan, Leonardo"]
[WhiteFideId "34180572"]
[BlackFideId "113816"]
[WhiteElo "2179"]
[BlackElo "2545"]
[Result "0-1"]
[Round "05"]
[TimeControl "180+2"]
[Date "2023.01.31"]
[WhiteClock "0:00:01"]
[BlackClock "0:00:49"]

1. d4 d5 2. c4 e6 3. Nc3 a6 4. cxd5 exd5 5. Bf4 Nf6 6. e3 c5 7. dxc5 Bxc5 8. Nf3 Nc6 9. Be2 O-O 10. O-O Be6 11. Rc1 Ba7 12. Ne5 Ne7 13. Bd3 Rc8 14. Ne2 Qa5 15. a3 Rxc1 16. Qxc1 Rc8 17. Qe1 Qc5 18. Qd2 Ne4 19. Bxe4 dxe4 20. Nd4 Qd5 21. Qb4 Bc5 22. Qa4 f6 23. b4 fxe5 24. bxc5 exf4 25. Rb1 Qxc5 26. Nxe6 Qc1+ 27. Qd1 Qxd1+ 28. Rxd1 fxe3 29. fxe3 Nf5 30. Rd7 Re8 31. Nf4 Nxe3 32. Rxb7 Rf8 33. Nh5 Rf1# 0-1


[Site "https://www.chess.com"]

[Event "Titled Tuesday Blitz January 31 Early 2023"]
[White "Oro, Faustino"]
[Black "Buscar, Michael"]
[WhiteFideId "20000197"]
[BlackFideId "2603616"]
[WhiteElo "2269"]
[BlackElo "2041"]
[Result "1/2-1/2"]
[Round "05"]
[TimeControl "180+2"]
[Date "2023.01.31"]
[WhiteClock "0:00:08"]
[BlackClock "0:00:08"]

1. e4 c6 2. Nf3 d6 3. d4 Bg4 4. Be2 Nd7 5. h3 Bxf3 6. Bxf3 e5 7. c3 Ngf6 8. O-O Be7 9. Re1 O-O 10. Nd2 a5 11. a4 Re8 12. Nf1 Qc7 13. Be3 Nf8 14. Qc2 Ng6 15. Ng3 Bf8 16. Be2 Nf4 17. Bf1 d5 18. dxe5 Qxe5 19. Bd4 Qg5 20. exd5 N6xd5 21. Ne4 Qg6 22. g3 Ne6 23. Qb1 Nxd4 24. cxd4 Rad8 25. Bd3 Qh5 26. Kg2 Nb4 27. Bc4 Rxd4 28. Bb3 Red8 29. Re3 Rd3 30. Rxd3 Rxd3 31. Bc4 Qf3+ 32. Kg1 Qxe4 33. Bxd3 Nxd3 34. Qc2 Nc5 35. Qd1 g6 36. Ra3 Ne6 37. Re3 Qb4 38. Qd7 Qe7 39. Qc8 Qc7 40. Qe8 Kg7 41. Rf3 Bc5 42. Kg2 Qe7 43. Qa8 Qd7 44. Qb8 b6 45. Qe5+ Kg8 46. Qf6 Ng7 47. g4 h5 48. Rg3 hxg4 49. Rxg4 Qd5+ 50. Kg1 Qd1+ 51. Kg2 Qd5+ 52. Kg1 Qf5 53. Qd8+ Kh7 54. Rh4+ Nh5 55. Rg4 Kg7 56. Qd2 Qf6 57. b3 Qa1+ 58. Kg2 Qf6 59. f3 Qf5 60. Re4 Qf6 61. Rg4 Qf5 62. Qc3+ Qf6 63. Qd2 1/2-1/2


[Site "https://www.chess.com"]

[Event "Titled Tuesday Blitz January 31 Early 2023"]
[White "Pourkashiyan, Atousa"]
[Black "Florescu, Codrut-Constantin"]
[WhiteFideId "12502014"]
[BlackFideId "1202200"]
[WhiteElo "2282"]
[BlackElo "2259"]
[Result "1-0"]
[Round "05"]
[TimeControl "180+2"]
[Date "2023.01.31"]
[WhiteClock "0:01:02"]
[BlackClock "0:01:09"]

1. e4 c5 2. Nf3 e6 3. d4 cxd4 4. Nxd4 a6 5. Nc3 d6 6. Be2 Nf6 7. O-O Nbd7 8. Be3 b5 9. a3 Bb7 10. f3 Be7 11. Qe1 O-O 12. Qg3 Kh8 13. Rad1 Qc7 14. Kh1 Rac8 15. Bd3 Ne5 16. f4 Nc4 17. Bc1 g6 18. f5 gxf5 19. exf5 Rg8 20. Bg5 Nh5 21. Qh3 Rxg5 22. Ne4 Bxe4 23. Bxe4 e5 24. f6 Bxf6 25. Nf3 Nf4 26. Qxh7# 1-0


[Site "https://www.chess.com"]

[Event "Titled Tuesday Blitz January 31 Early 2023"]
[White "Sai Han Thiha"]
[Black "Berezin, Viktor"]
[WhiteFideId "13012290"]
[BlackFideId "14107872"]
[WhiteElo "2070"]
[BlackElo "2307"]
[Result "1-0"]
[Round "05"]
[TimeControl "180+2"]
[Date "2023.01.31"]
[WhiteClock "0:00:14"]
[BlackClock "0:00:23"]

1. d4 Nf6 2. c4 g6 3. Nc3 Bg7 4. e4 O-O 5. Nf3 d6 6. Be2 e5 7. Be3 Ng4 8. Bg5 Qe8 9. dxe5 Nxe5 10. O-O h6 11. Be3 Na6 12. Nxe5 Qxe5 13. Qd2 Kh7 14. f4 Qa5 15. Rac1 Bd7 16. b3 Rae8 17. Bf3 Nc5 18. Nd5 Qxd2 19. Bxd2 Nxe4 20. Bxe4 Rxe4 21. Nxc7 Bd4+ 22. Kh1 Re2 23. Rcd1 Bc6 24. Nd5 Bxd5 25. cxd5 Bc5 26. Rfe1 Rfe8 27. Bc3 R8e3 28. h3 h5 29. Rxe2 Rxe2 30. Re1 Rxe1+ 31. Bxe1 Bd4 32. g4 Kg7 33. Kg2 f6 34. Bb4 g5 35. Bxd6 Kf7 36. f5 Ke8 37. gxh5 Kf7 38. Kf3 Kg7 39. Kg4 Kh6 40. Bf8+ Kh7 41. d6 Bb6 42. Be7 Kg7 43. d7 Kf7 44. d8=Q Bxd8 45. Bxd8 b5 46. h6 Kg8 47. Bxf6 Kh7 48. Kxg5 a5 49. Bc3 a4 50. bxa4 bxa4 51. a3 Kg8 52. Kg6 Kf8 53. h7 Ke7 54. Bb4+ Kd7 55. h8=Q Kc6 56. Qf6+ Kd5 57. Qd6+ Kc4 58. f6 Kb5 59. f7 Kc4 60. f8=Q Kb3 61. Qf3+ Ka2 62. Qh2+ Kb1 63. Qfh1# 1-0


[Site "https://www.chess.com"]

[Event "Titled Tuesday Blitz January 31 Early 2023"]
[White "Liu, Casper"]
[Black "Toncheva, Nadya"]
[WhiteFideId "1454153"]
[BlackFideId "2924056"]
[WhiteElo "2278"]
[BlackElo "2295"]
[Result "1/2-1/2"]
[Round "05"]
[TimeControl "180+2"]
[Date "2023.01.31"]
[WhiteClock "0:00:03"]
[BlackClock "0:00:04"]

1. e4 c5 2. Nf3 e6 3. Nc3 Nc6 4. g3 Nf6 5. Bg2 d5 6. exd5 exd5 7. d4 cxd4 8. Nxd4 Bg4 9. Nce2 Bc5 10. Nxc6 bxc6 11. O-O O-O 12. Qd3 Re8 13. Nd4 Qb6 14. Be3 Rac8 15. Rfe1 Qxb2 16. Rab1 Qa3 17. Qxa3 Bxa3 18. Rb7 Re7 19. Reb1 Rxb7 20. Rxb7 Bc5 21. Nf5 Bxf5 22. Bxc5 Bxc2 23. Rxa7 Rb8 24. h3 h5 25. a4 Ne4 26. Be3 c5 27. a5 d4 28. Bf4 Rb1+ 29. Kh2 Nxf2 30. a6 Ra1 31. Ra8+ Kh7 32. a7 Be4 33. Bxe4+ Nxe4 34. Re8 Ra2+ 35. Kg1 Rxa7 36. Rxe4 Kg6 37. Re5 c4 38. Rc5 c3 39. Rg5+ Kf6 40. Rc5 Ra1+ 41. Kf2 Ra2+ 42. Kf3 Ke6 43. Ke4 Rh2 44. h4 c2 45. Kxd4 Re2 46. Kd3 Rg2 47. Rxc2 Rg1 48. Ke4 Re1+ 49. Be3 Kf6 50. Rc6+ Ke7 51. Kf4 g6 52. Bc5+ Kd7 53. Rd6+ Ke8 54. Kg5 Re5+ 55. Kf6 Rf5+ 56. Kg7 Rxc5 57. Rd2 Re5 58. Rf2 Re7 59. Rf6 Re3 60. Rxf7 Rxg3 61. Rf8+ Ke7 62. Rf6 Rg4 63. Rxg6 Rxh4 64. Kh6 Rh1 65. Kg5 h4 66. Ra6 h3 67. Kg4 h2 68. Kg3 Kf7 69. Kg2 Rb1 70. Kxh2 Ke7 71. Kg3 Kd7 72. Kf3 Rb4 73. Kg3 Kc7 74. Kf3 Rc4 75. Kg3 Rc6 76. Rxc6+ Kxc6 1/2-1/2


[Site "https://www.chess.com"]

[Event "Titled Tuesday Blitz January 31 Early 2023"]
[White "Ezat, Mohamed"]
[Black "Dwilewicz, Katarzyna"]
[WhiteFideId "10600906"]
[BlackFideId "1148486"]
[WhiteElo "2402"]
[BlackElo "2115"]
[Result "1-0"]
[Round "05"]
[TimeControl "180+2"]
[Date "2023.01.31"]
[WhiteClock "0:00:30"]
[BlackClock "0:01:16"]

1. d4 d5 2. c4 dxc4 3. e3 Nf6 4. Bxc4 g6 5. Qb3 e6 6. Nf3 Bg7 7. O-O O-O 8. Bd3 b6 9. Nc3 Bb7 10. Ne5 Nbd7 11. Rd1 Nxe5 12. dxe5 Nd7 13. Bb5 Qg5 14. e4 Qxe5 15. Bxd7 Rad8 16. Be3 c5 17. Bb5 f5 18. Rxd8 Rxd8 19. Rd1 Rxd1+ 20. Qxd1 Bxe4 21. Qd8+ Bf8 22. Bh6 Qd6 23. Qxf8+ Qxf8 24. Bxf8 Kxf8 25. Nxe4 fxe4 26. Bc6 Ke7 27. Bxe4 Kd6 28. f4 c4 29. Kf2 Kc5 30. Ke3 b5 31. a3 a5 32. g4 b4 33. axb4+ axb4 34. h4 b3 35. g5 c3 36. bxc3 Kc4 37. h5 gxh5 38. Bxh7 b2 39. Bb1 h4 40. g6 h3 41. Kf2 h2 42. Kg2 1-0


[Site "https://www.chess.com"]

[Event "Titled Tuesday Blitz January 31 Early 2023"]
[White "Matveeva, Olga"]
[Black "Senthil, Maran K"]
[WhiteFideId "24107018"]
[BlackFideId "25035681"]
[WhiteElo "2128"]
[BlackElo "2209"]
[Result "0-1"]
[Round "05"]
[TimeControl "180+2"]
[Date "2023.01.31"]
[WhiteClock "0:00:03"]
[BlackClock "0:01:49"]

1. d4 d5 2. c4 e6 3. Nf3 h6 4. g3 dxc4 5. Bg2 b5 6. Ne5 c6 7. a4 b4 8. Nxc4 Bb7 9. O-O Nd7 10. Nbd2 Ngf6 11. Nb3 Be7 12. Nba5 Qc8 13. Nxb7 Qxb7 14. Na5 Qb6 15. Nxc6 Rc8 16. a5 Qa6 17. Nxe7 Kxe7 18. Bd2 Qb5 19. Qb3 Rc4 20. Rfc1 Rhc8 21. Rxc4 Rxc4 22. Ra4 Nd5 23. e4 Rxd4 24. exd5 Rxd2 25. Rxb4 Qe2 26. d6+ Kxd6 27. Rd4+ Rxd4 0-1


[Site "https://www.chess.com"]

[Event "Titled Tuesday Blitz January 31 Early 2023"]
[White "Osmak, Yuliia"]
[Black "Balint, Vilmos"]
[WhiteFideId "14101602"]
[BlackFideId "718050"]
[WhiteElo "2440"]
[BlackElo "2169"]
[Result "1-0"]
[Round "05"]
[TimeControl "180+2"]
[Date "2023.01.31"]
[WhiteClock "0:02:17"]
[BlackClock "0:02:35"]

1. d4 f5 2. Nc3 Nf6 3. Bg5 d5 4. f3 e6 5. e4 Be7 6. exf5 exf5 7. Bd3 O-O 8. Nh3 c6 9. Qd2 b6 10. O-O Ba6 11. Rae1 Bxd3 12. Qxd3 g6 13. Nf4 Rf7 14. Ne6 Qd6 15. Bf4 Qd7 16. Nc7 Nh5 17. Be5 Bd6 18. Nxa8 Bxe5 19. Rxe5 Na6 20. Qxa6 1-0


[Site "https://www.chess.com"]

[Event "Titled Tuesday Blitz January 31 Early 2023"]
[White "Rosenberg, Evan S"]
[Black "Womacka, Mathias"]
[WhiteFideId "2019299"]
[BlackFideId "4611390"]
[WhiteElo "1956"]
[BlackElo "2396"]
[Result "0-1"]
[Round "05"]
[TimeControl "180+2"]
[Date "2023.01.31"]
[WhiteClock "0:00:07"]
[BlackClock "0:00:10"]

1. d4 Nf6 2. Nf3 e6 3. g3 c5 4. Bg2 cxd4 5. O-O Qb6 6. Nxd4 Nc6 7. Nb3 d5 8. Be3 Qc7 9. N1d2 e5 10. c4 d4 11. Bg5 Be7 12. f4 Ng4 13. Bxe7 Ne3 14. Qb1 Qxe7 15. fxe5 Nxf1 16. Kxf1 Qxe5 17. Nf3 Qe3 18. Qd3 Qxd3 19. exd3 O-O 20. Rd1 Rd8 21. a3 Bf5 22. Nh4 Bg4 23. Re1 Re8 24. Bxc6 Rxe1+ 25. Kxe1 bxc6 26. Nxd4 c5 27. Nc6 g5 28. Nf5 Re8+ 29. Nfe7+ Kf8 30. Kd2 Rxe7 31. Nxe7 Kxe7 32. b4 Kd6 33. Kc3 f5 34. d4 cxd4+ 35. Kxd4 Bf3 36. b5 Bh1 37. c5+ Ke6 38. a4 f4 39. gxf4 gxf4 40. a5 Bb7 41. a6 Bc8 42. Ke4 f3 43. Kxf3 Kd5 44. b6 axb6 45. cxb6 Bxa6 46. Kf4 Ke6 47. Kg5 Kf7 48. Kh6 Kg8 49. h4 Bb7 50. h5 Kh8 51. Kg5 Kg7 52. h6+ Kf7 53. Kf5 Ba8 54. Kg5 Ke6 55. Kh5 Kf6 56. Kh4 Kg6 57. Kg4 Kxh6 58. Kh4 Kg6 59. Kg4 h5+ 60. Kh4 Kh6 61. Kh3 Kg5 62. Kg3 h4+ 63. Kh3 Kh5 64. Kh2 Kg4 65. Kg1 Kg3 0-1


[Site "https://www.chess.com"]

[Event "Titled Tuesday Blitz January 31 Early 2023"]
[White "Martic, Ivan"]
[Black "Levitan, Caleb Levi"]
[WhiteFideId "929301"]
[BlackFideId "14332620"]
[WhiteElo "2301"]
[BlackElo "2129"]
[Result "1-0"]
[Round "05"]
[TimeControl "180+2"]
[Date "2023.01.31"]
[WhiteClock "0:01:39"]
[BlackClock "0:00:04"]

1. e4 c5 2. Nf3 e6 3. d4 cxd4 4. Nxd4 a6 5. Bd3 Bc5 6. Nb3 Ba7 7. Nc3 Nc6 8. Qe2 b5 9. Be3 Bb7 10. Bxa7 Rxa7 11. O-O-O d6 12. f4 Nge7 13. Kb1 O-O 14. h4 Qb6 15. h5 e5 16. h6 g6 17. Nd5 Nxd5 18. exd5 Nd4 19. Nxd4 exd4 20. f5 Bxd5 21. fxg6 fxg6 22. Qg4 Raf7 23. b3 a5 24. Rhe1 a4 25. Qg5 Qc6 26. Re7 axb3 27. axb3 Qc8 28. Qxd5 Qg4 29. Rf1 Qh5 1-0


[Site "https://www.chess.com"]

[Event "Titled Tuesday Blitz January 31 Early 2023"]
[White "Golubev, Mikhail"]
[Black "Kalajzic, Ivan"]
[WhiteFideId "14100983"]
[BlackFideId "14506378"]
[WhiteElo "2461"]
[BlackElo "2062"]
[Result "1-0"]
[Round "05"]
[TimeControl "180+2"]
[Date "2023.01.31"]
[WhiteClock "0:00:13"]
[BlackClock "0:00:02"]

1. e4 Nc6 2. Nf3 d6 3. d4 Bg4 4. Nc3 a6 5. Be3 e5 6. Be2 Nf6 7. d5 Ne7 8. h3 Bd7 9. g4 g6 10. Nd2 Bg7 11. g5 Nh5 12. Bxh5 gxh5 13. Qxh5 Ng6 14. O-O-O Qe7 15. h4 O-O-O 16. Qf3 h5 17. gxh6 Bxh6 18. h5 Nf4 19. Ne2 Nxe2+ 20. Qxe2 f5 21. exf5 Bxf5 22. Bxh6 Rxh6 23. Qe3 Qh7 24. Qa7 Bxc2 25. Rdg1 Kd7 26. Qxb7 Ba4 27. b3 Bb5 28. a4 Bd3 29. Qc6+ Kc8 30. Rg3 Rf6 31. Rhg1 Rf7 32. h6 Qf5 33. Rg7 Qf4 34. Rxf7 Qxf7 35. Rg7 1-0


[Site "https://www.chess.com"]

[Event "Titled Tuesday Blitz January 31 Early 2023"]
[White "Petrova, Irina"]
[Black "Vestby-Ellingsen, Mads"]
[WhiteFideId "14124122"]
[BlackFideId "1520857"]
[WhiteElo "2108"]
[BlackElo "2387"]
[Result "0-1"]
[Round "05"]
[TimeControl "180+2"]
[Date "2023.01.31"]
[WhiteClock "0:00:02"]
[BlackClock "0:00:06"]

1. e4 e5 2. Nf3 Nf6 3. Nxe5 d6 4. Nf3 Nxe4 5. Bd3 Nf6 6. O-O Be7 7. Re1 O-O 8. Bf1 d5 9. d4 Bg4 10. h3 Bh5 11. c4 c6 12. Nc3 Nbd7 13. Bf4 dxc4 14. g4 Bg6 15. Bxc4 Nb6 16. Bb3 Nfd5 17. Bg3 Bb4 18. Rc1 Re8 19. Ne5 Qf6 20. Nd3 Rxe1+ 21. Nxe1 Nf4 22. Kh2 Re8 23. Qf3 Bxc3 24. bxc3 Ne2 25. Ra1 Qxf3 26. Nxf3 Nxc3 27. Ne5 Ncd5 28. a4 f6 29. a5 fxe5 30. axb6 axb6 31. dxe5 Bf7 32. f4 Nb4 33. Bxf7+ Kxf7 34. f5 c5 35. e6+ Ke7 36. Rd1 Rc8 37. Rd7+ Kf8 38. Bd6+ Kg8 39. Rxb7 Nd5 40. Kg3 c4 41. e7 c3 42. Rd7 Kf7 43. Ba3 Nf6 44. Rd8 Rc5 45. Bxc5 bxc5 46. Rc8 c2 47. Rxc5 Ne4+ 48. Kf4 Nxc5 0-1


[Site "https://www.chess.com"]

[Event "Titled Tuesday Blitz January 31 Early 2023"]
[White "Przybylski, Wojciech"]
[Black "Bernat, David"]
[WhiteFideId "1117599"]
[BlackFideId "2099225"]
[WhiteElo "2321"]
[BlackElo "1862"]
[Result "1-0"]
[Round "05"]
[TimeControl "180+2"]
[Date "2023.01.31"]
[WhiteClock "0:00:47"]
[BlackClock "0:00:09"]

1. e4 c5 2. Nf3 g6 3. c3 Bg7 4. d4 cxd4 5. cxd4 d5 6. e5 a6 7. h3 Nc6 8. Be2 f6 9. exf6 Nxf6 10. O-O O-O 11. Re1 Ne4 12. Nc3 Bf5 13. Be3 Nxc3 14. bxc3 e5 15. Qb3 exd4 16. cxd4 b5 17. a4 Na5 18. Qb4 Nc4 19. Bg5 Qd7 20. axb5 axb5 21. Be7 Rxa1 22. Rxa1 Re8 23. Bxc4 dxc4 24. Bc5 Be4 25. Ra7 Qd5 26. Qxb5 Rd8 27. Qb6 c3 28. Qc7 1-0


[Site "https://www.chess.com"]

[Event "Titled Tuesday Blitz January 31 Early 2023"]
[White "Martinez, Shawn"]
[Black "Girya, Olga"]
[WhiteFideId "2039770"]
[BlackFideId "4195752"]
[WhiteElo "1881"]
[BlackElo "2402"]
[Result "0-1"]
[Round "05"]
[TimeControl "180+2"]
[Date "2023.01.31"]
[WhiteClock "0:00:02"]
[BlackClock "0:00:08"]

1. e4 c6 2. d4 d5 3. exd5 cxd5 4. Bd3 Nf6 5. h3 Nc6 6. c3 g6 7. Nf3 Bf5 8. Be2 e6 9. O-O a6 10. Re1 h5 11. Bg5 Be7 12. Nbd2 Ne4 13. Bxe7 Qxe7 14. Nxe4 Bxe4 15. Nd2 Bf5 16. a4 h4 17. b4 Kf8 18. b5 Na5 19. bxa6 bxa6 20. Nb3 Nxb3 21. Qxb3 Kg7 22. c4 dxc4 23. Bxc4 Rhb8 24. Qe3 Rb4 25. Bf1 Qd6 26. Red1 a5 27. Bb5 Rd8 28. Rac1 Rxd4 29. Rxd4 Qxd4 30. Qxd4+ Rxd4 31. Rc7 Rd1+ 32. Kh2 e5 33. Bc4 Rd7 34. Rc5 f6 35. Rxa5 Rd2 36. Kg1 Be4 37. f3 Rd1+ 38. Kf2 Bc2 39. Ra7+ Kh6 40. a5 Ra1 41. Ra6 Kg5 42. Ra8 Ra4 43. Bd5 Rd4 44. Bc6 Kf4 45. Be4 Bxe4 46. fxe4 Rd2+ 47. Ke1 Ra2 48. a6 Ke3 49. Kd1 Kxe4 50. a7 f5 51. Rg8 Rxa7 52. Rxg6 f4 53. Kc2 Ra2+ 54. Kc3 Ke3 55. Rg4 e4 56. Rxh4 Rxg2 57. Rh8 f3 58. h4 f2 59. Rf8 Rg1 60. h5 f1=Q 61. Rxf1 Rxf1 0-1


[Site "https://www.chess.com"]

[Event "Titled Tuesday Blitz January 31 Early 2023"]
[White "Pavlidou, Ekaterini"]
[Black "Manukian, Artak"]
[WhiteFideId "4213262"]
[BlackFideId "13301373"]
[WhiteElo "2088"]
[BlackElo "2196"]
[Result "1-0"]
[Round "05"]
[TimeControl "180+2"]
[Date "2023.01.31"]
[WhiteClock "0:00:51"]
[BlackClock "0:00:01"]

1. d4 d5 2. c4 dxc4 3. e3 e5 4. Bxc4 exd4 5. Qb3 Qe7 6. Ne2 Qb4+ 7. Bd2 Qxb3 8. axb3 dxe3 9. Bxe3 Nc6 10. O-O Nf6 11. Nbc3 Bd6 12. Nb5 O-O 13. Nxd6 cxd6 14. Nf4 Rd8 15. Rfd1 Ng4 16. Bb6 Rd7 17. Nd5 Nge5 18. Bb5 Kf8 19. f4 Ng6 20. g3 Nge7 21. Ne3 g6 22. Rd2 Nf5 23. Nd5 Kg7 24. g4 Nh4 25. Kf2 f6 26. g5 fxg5 27. fxg5 Nf5 28. Nf6 Rf7 29. Bd3 Be6 30. Bxf5 Bxf5 31. Be3 1-0


[Site "https://www.chess.com"]

[Event "Titled Tuesday Blitz January 31 Early 2023"]
[White "Jovic, Stanoje"]
[Black "Abdilkhair, Abilmansur"]
[WhiteFideId "905020"]
[BlackFideId "13716417"]
[WhiteElo "2075"]
[BlackElo "2268"]
[Result "0-1"]
[Round "05"]
[TimeControl "180+2"]
[Date "2023.01.31"]
[WhiteClock "0:00:01"]
[BlackClock "0:00:02"]

1. c4 e6 2. Nf3 d5 3. d4 Nf6 4. Nc3 Be7 5. Bg5 O-O 6. e3 c6 7. Rc1 b6 8. b3 Bb7 9. Bd3 Nbd7 10. O-O h6 11. Bh4 Rc8 12. Bb1 c5 13. cxd5 Nxd5 14. Qd3 f5 15. Bxe7 Qxe7 16. Nd2 N7f6 17. dxc5 Rxc5 18. Nxd5 Rxd5 19. Qe2 Rfd8 20. Nf3 Qa3 21. h3 Ba6 22. Qc2 Bxf1 23. Rxf1 Rc5 24. Qe2 Rc1 25. Nd2 Rxf1+ 26. Nxf1 Qc1 27. Bd3 Nd5 28. Bc4 Rc8 29. g3 Kh8 30. e4 Nc3 31. Qh5 Nxe4 32. Bxe6 Rf8 33. Qe2 Qc5 34. Ne3 Re8 35. Bxf5 Nxg3 36. Qg4 Nxf5 37. Nxf5 Qc7 38. Ng3 Rf8 39. h4 Qf7 40. Qd4 Qf4 41. Qb2 Qxh4 42. Kg2 Qg5 43. a4 Qd5+ 44. Kg1 Rd8 45. Kh2 Qd4 46. Qe2 Rf8 47. Kg1 Qf4 48. Kg2 Qf6 49. Kg1 Qf7 50. a5 Qxb3 51. a6 Qb1+ 52. Kg2 Rd8 53. Qe7 Qd3 54. Nf5 Qd5+ 55. f3 Rg8 0-1


[Site "https://www.chess.com"]

[Event "Titled Tuesday Blitz January 31 Early 2023"]
[White "Liimatainen, Jero"]
[Black "Nguyen Hong Nhung"]
[WhiteFideId "509531"]
[BlackFideId "12412201"]
[WhiteElo "1948"]
[BlackElo "2003"]
[Result "0-1"]
[Round "05"]
[TimeControl "180+2"]
[Date "2023.01.31"]
[WhiteClock "0:00:11"]
[BlackClock "0:00:07"]

1. e4 c5 2. Nf3 e6 3. g3 Nc6 4. Bg2 d5 5. exd5 exd5 6. d4 Nf6 7. O-O Be7 8. dxc5 Bxc5 9. Nc3 h6 10. a3 O-O 11. b4 Bb6 12. Na4 Bc7 13. Bb2 Bg4 14. h3 Bh5 15. Nc5 b6 16. Nd3 Re8 17. Qd2 Ne4 18. Qc1 Qd7 19. Nf4 Bxf3 20. Bxf3 Bxf4 21. Qxf4 Rad8 22. Bg2 Qd6 23. Qxd6 Rxd6 24. Rad1 Red8 25. c4 f5 26. Rxd5 Rxd5 27. cxd5 Rxd5 28. Rc1 Nd4 29. Bxe4 fxe4 30. Rc8+ Kh7 31. Bxd4 Rxd4 32. Rc7 a5 33. bxa5 bxa5 34. Rc5 Ra4 35. Re5 Kg6 36. Kf1 Kf6 37. Re8 Kf7 38. Re5 Kf6 39. Re8 Rxa3 40. Rxe4 Ra2 41. Kg2 a4 42. Rb4 a3 43. Ra4 Ke5 44. g4 Kd5 45. h4 Kc5 46. h5 Ra1 47. Ra7 a2 48. f4 Kb4 49. g5 Kb3 50. f5 hxg5 51. f6 gxf6 52. h6 Re1 53. Rb7+ Kc2 54. Rc7+ Kd3 55. Rd7+ Kc4 56. Ra7 a1=Q 57. Rc7+ Kd5 58. h7 Rg1+ 59. Kh3 Rh1+ 60. Kg4 Qd4+ 61. Kf5 Qf4+ 62. Kg6 Qxc7 63. h8=Q Rxh8 64. Kxf6 Qe5+ 65. Kg6 Rg8+ 66. Kh5 g4+ 67. Kh4 Qh2# 0-1


[Site "https://www.chess.com"]

[Event "Titled Tuesday Blitz January 31 Early 2023"]
[White "Erzhanov, Arman"]
[Black "Zaichenko, Daria"]
[WhiteFideId "4138821"]
[BlackFideId "4197453"]
[WhiteElo "2228"]
[BlackElo "2104"]
[Result "1-0"]
[Round "05"]
[TimeControl "180+2"]
[Date "2023.01.31"]
[WhiteClock "0:00:43"]
[BlackClock "0:00:01"]

1. e4 c5 2. Nf3 Nc6 3. Bb5 d6 4. O-O Nf6 5. Re1 Bd7 6. h3 e6 7. c3 Be7 8. d4 cxd4 9. cxd4 O-O 10. Nc3 a6 11. Bf1 e5 12. b3 Rc8 13. Bb2 exd4 14. Nxd4 Ne5 15. Qd2 Qb6 16. Rad1 h6 17. Kh1 Nc6 18. Nde2 Qxf2 19. Nf4 Qxd2 20. Rxd2 Ne5 21. Red1 Rc6 22. Nce2 Nxe4 23. Nd4 Rc5 24. b4 Rc7 25. Nd5 Bd8 26. Nxc7 Bxc7 27. Rc2 Bb6 28. Nf3 Ng6 29. Bd4 Bxd4 30. Rxd4 Bf5 31. Rc7 Nf4 32. g4 Ng3+ 33. Kg1 Nxf1 34. Kxf1 Bd3+ 35. Kf2 Nxh3+ 36. Kg3 Be2 37. Rxd6 Bxf3 38. Kxf3 Ng5+ 39. Kg2 Re8 40. Rxb7 Re2+ 41. Kf1 Rxa2 42. Rd8+ Kh7 43. Rd3 Rb2 44. Ra3 Rb1+ 45. Ke2 Rb2+ 46. Kd3 Rg2 47. Rxa6 Rxg4 48. b5 h5 49. b6 Rg3+ 50. Kc4 Ne6 51. Rxf7 1-0


[Site "https://www.chess.com"]

[Event "Titled Tuesday Blitz January 31 Early 2023"]
[White "Martin, Lewis"]
[Black "Valle Maytin, Luis Enrique"]
[WhiteFideId "410551"]
[BlackFideId "3503666"]
[WhiteElo "2135"]
[BlackElo "2241"]
[Result "0-1"]
[Round "05"]
[TimeControl "180+2"]
[Date "2023.01.31"]
[WhiteClock "0:00:11"]
[BlackClock "0:00:06"]

1. e4 c6 2. d4 d5 3. Nc3 dxe4 4. Nxe4 Nf6 5. Nxf6+ exf6 6. c3 Bd6 7. Qc2 O-O 8. Bd3 Re8+ 9. Ne2 h5 10. Be3 Nd7 11. O-O-O Nb6 12. h3 Nd5 13. Bd2 b5 14. Ng3 h4 15. Nf5 Bxf5 16. Bxf5 a5 17. Rde1 Qc7 18. Rxe8+ Rxe8 19. Re1 Rxe1+ 20. Bxe1 Bf4+ 21. Kb1 g6 22. Be4 Kg7 23. Qd3 Qd6 24. g3 hxg3 25. fxg3 Bh6 26. h4 f5 27. Bf3 Qe6 28. Qe2 Qxe2 29. Bxe2 Be3 30. Kc2 f4 31. Kd3 fxg3 32. Bxg3 Bf4 33. Bf2 Kf6 34. b3 Bc7 35. a3 Nf4+ 36. Kd2 Nxe2 37. Kxe2 Bd6 38. b4 axb4 39. axb4 Ke6 40. Kd3 Kd5 41. Be1 Bf4 42. Ke2 Kc4 43. Kd1 Be3 44. Ke2 Bh6 45. Kf3 Bc1 46. Ke4 f6 47. Bg3 Kxc3 48. d5 cxd5+ 49. Kxd5 Kxb4 50. Ke6 Bb2 51. Bf4 Kc4 52. Kf7 g5 53. hxg5 fxg5 54. Bxg5 b4 55. Ke6 b3 56. Kf5 Ba3 57. Bf6 Bb4 58. Ba1 Bc3 59. Bxc3 Kxc3 0-1


[Site "https://www.chess.com"]

[Event "Titled Tuesday Blitz January 31 Early 2023"]
[White "Bas Mas, Jose Joaquin"]
[Black "Lobachev, Yury"]
[WhiteFideId "22219064"]
[BlackFideId "24138177"]
[WhiteElo "2197"]
[BlackElo "2345"]
[Result "0-1"]
[Round "05"]
[TimeControl "180+2"]
[Date "2023.01.31"]
[WhiteClock "0:02:09"]
[BlackClock "0:01:26"]

1. e4 c5 2. Nc3 e6 3. f4 Nc6 4. Nf3 g6 5. Bb5 Qc7 6. Bxc6 Qxc6 7. d3 Bg7 8. O-O Ne7 9. Qe1 f5 10. exf5 Nxf5 11. Ne5 Bxe5 12. Qxe5 O-O 13. Ne4 d6 14. Qc3 Nd4 15. Be3 Ne2+ 0-1


[Site "https://www.chess.com"]

[Event "Titled Tuesday Blitz January 31 Early 2023"]
[White "Fernandez Garcia, Gumersindo"]
[Black "Mione, Dario"]
[WhiteFideId "24516740"]
[BlackFideId "806625"]
[WhiteElo "2160"]
[BlackElo "2228"]
[Result "0-1"]
[Round "05"]
[TimeControl "180+2"]
[Date "2023.01.31"]
[WhiteClock "0:00:14"]
[BlackClock "0:00:10"]

1. e4 c5 2. a3 e6 3. b4 cxb4 4. axb4 Bxb4 5. Bb2 Nf6 6. Nf3 Qb6 7. Nc3 O-O 8. Bd3 d6 9. O-O Nc6 10. Rb1 Qc7 11. Nb5 Qe7 12. Bxf6 Qxf6 13. c3 Bc5 14. Bc2 a6 15. Ra1 Bd7 16. Na3 Bxa3 17. Rxa3 Ne5 18. Nxe5 dxe5 19. d4 exd4 20. cxd4 Bb5 21. Bd3 Qxd4 22. Bxb5 Qxd1 23. Rxd1 axb5 24. Rb3 Rfd8 25. Rdb1 Ra5 26. g3 Rd4 27. f3 Rd2 28. Rxb5 Raa2 29. Rxb7 Rg2+ 30. Kf1 g6 31. Ra7 Raf2+ 32. Ke1 Rxf3 33. Rbb7 Rxh2 34. e5 Rhf2 35. g4 Rf4 36. Rc7 Rg2 37. g5 Rxg5 38. Ke2 Rxe5+ 39. Kd3 Rf3+ 40. Kd4 Ref5 41. Ke4 Kg7 42. Rd7 h5 43. Rd8 h4 44. Raa8 h3 45. Rh8 Kf6 46. Rh7 R5f4# 0-1


[Site "https://www.chess.com"]

[Event "Titled Tuesday Blitz January 31 Early 2023"]
[White "Zampronha, Wladimir Camilo"]
[Black "Delorme, Axel"]
[WhiteFideId "2103087"]
[BlackFideId "632023"]
[WhiteElo "2176"]
[BlackElo "2483"]
[Result "0-1"]
[Round "05"]
[TimeControl "180+2"]
[Date "2023.01.31"]
[WhiteClock "0:00:33"]
[BlackClock "0:00:45"]

1. e4 c5 2. Nf3 d6 3. d4 cxd4 4. Nxd4 Nf6 5. Nc3 Bd7 6. Bg5 e6 7. Qd2 h6 8. Bh4 Nxe4 9. Nxe4 Qxh4 10. Bd3 d5 11. g3 Qh5 12. Nb5 Bxb5 13. Bxb5+ Nc6 14. Nc3 Qe5+ 15. Ne2 Qxb2 16. Bxc6+ bxc6 17. O-O Bd6 18. Rab1 Qf6 19. Nd4 O-O 20. Nxc6 Rfc8 21. Na5 Qc3 22. Qxc3 Rxc3 23. Rb7 Rxc2 24. Nc6 Rxc6 0-1


[Site "https://www.chess.com"]